Jonadab, neutral male human Tourist ------------- |...........-## -------- ----- |...........| # |......-######.....# |...#........############`|......| |...| |...........| |......| |...| ----.-------- --.--.-- |...-# # ### |..>|# # # -----# ### ## # # -.---.---- @ --.--------- |........| ##G# |..........| #.<.......| #----- |...........############|........| #....| |..........| ---------- |...| |..........| |..%- |..........| ----- ------------ Jonadab the Rambler Experience level: 1 Strength: 11 Dexterity: 13 Constitution: 13 Intelligence: 13 Wisdom: 7 Charisma: 17 Health: 0(8) Energy: 4(4) Def: 3 Gold: 844 Moves: 2697 Dungeon seed: KecTiYZYocB688dW Game ID: Jonadab_1479706344 Your Inventory: Coins $ - 844 gold pieces Weapons a - a blessed +0 orcish dagger named b.U (weapon in hand) c - 2 uncursed +0 orcish daggers named b.U d - 22 uncursed +2 darts (in quiver) e - 9 uncursed +0 darts Armor n - an uncursed +0 orcish ring mail (being worn) N - an uncursed +0 orcish helm (being worn) Comestibles f - 5 uncursed food rations h - an uncursed packet of prunes t - an uncursed tripe ration I - an uncursed egg O - an uncursed banana Potions i - 2 uncursed potions of extra healing Rings p - a cursed ring of teleport control v - a cursed ring of searching C - an uncursed ring of protection from shape changers Wands B - an uncursed wand of cold (0:4) Tools k - an uncursed credit card l - an uncursed expensive camera (0:84) z - an uncursed blindfold Spells and supernatural/magical abilities: Name Level Category Fail Memory W - pray for help -- divine ? -- Your skills at the end: Fighting Skills wands [Basic] Weapon Skills dart [Basic] Spellcasting Skills Final Attributes: You were nominally aligned. You are dead. Vanquished creatures: 2 shriekers a guardian naga hatchling a wererat a gas spore 2 hobbits 10 manes a hobgoblin a brown mold a gnome 2 geckos 9 jackals a fox 3 goblins 4 sewer rats 6 grid bugs 6 lichens 3 kobold zombies 11 newts 65 creatures vanquished. Voluntary challenges: You used a wielded weapon 6 times, starting on turn 1602. You read items or engraved 6 times, starting on turn 852. You never genocided any monsters. You never polymorphed an object. You never changed form. You used no wishes. You never split a pudding. You wrote Elbereth's name 5 times, starting on turn 852. You never violated your personal moral code. Dungeon overview: The Dungeons of Doom: levels 1 to 6 Level 1 a long staircase Level 2 Level 3 a fountain Level 4 (StashOne) an altar to Offler stairs to The Gnomish Mines Level 5 <- You were here a sink Level 6 The Gnomish Mines: Level 5 stairs to The Dungeons of Doom History has recorded: On T:1 you entered the Dungeons of Doom to retrieve the Amulet of Yendor! On T:25 you reached level 2 of The Dungeons of Doom. On T:843 you reached level 3 of The Dungeons of Doom. On T:1027 you reached level 4 of The Dungeons of Doom. On T:1369 you reached level 1 of The Gnomish Mines. On T:1444 you reached level 5 of The Dungeons of Doom. On T:2313 you reached level 6 of The Dungeons of Doom. Score breakdown: Gold: 279 ( 8324 points) Experience: 1 level ( 0 points) Exploration: 6 levels ( 12.50%) ( 9784 points) Discoveries: 1 item ( 0.33%) ( 1729 points) Valuables value: (no points given unless you survive) Artifact value: 0 ( 0 points) Variety of kills: 18 monsters ( 4.70%) ( 6503 points) Turncount: 2697 turns ( -442 points) Survival: died (score multiplied by 80%) Total score: 20718 Latest messages: You see no objects here. The manes hits Bernoulli. The manes misses Bernoulli. (2x) Bernoulli misses the manes. (3x) Bernoulli bites the manes. The manes is destroyed! The sewer rat turns to flee! Bernoulli bites the manes. The manes is destroyed! The sewer rat turns to flee! Bernoulli bites the sewer rat. The sewer rat is killed! Bernoulli eats a sewer rat corpse. The sewer rat misses Bernoulli. (2x) The sewer rat bites Bernoulli. Bernoulli bites the sewer rat. The sewer rat is killed! Bernoulli bites the manes. The manes is destroyed! Bernoulli misses the grid bug. You see here an uncursed crude dagger named b.U. Bernoulli bites the grid bug. The grid bug is killed! c - an uncursed crude dagger named b.U. You stop running. The gnome hits! You die... Final status: Aloha Jonadab the Tourist, killed by a gnome... You died in The Dungeons of Doom on dungeon level 5 with 20718 points, and 844 pieces of gold, after 2697 moves. You were level 1 with a maximum of 8 hit points when you died.